 Dungeon Crawl Stone Soup version 0.17-a0-1769-g54adf96 (webtiles) character file.

28 Bloxda the Ruffian (level 3, -8/28 HPs)
             Began as a Draconian Transmuter on Sept 7, 2015.
             Killed from afar by Terence (10 damage)
             ... with a wand of magic darts
             ... on level 2 of the Dungeon.
             The game lasted 00:06:48 (1724 turns).

Bloxda the Ruffian (Draconian Transmuter)           Turns: 1724, Time: 00:06:48

Health: -8/28      AC:  5    Str: 12    XL:     3   Next: 0%
Magic:  2/6        EV: 12    Int: 14    God:
Gold:   60         SH:  0    Dex: 11    Spells: 2 memorised, 3 levels left

rFire  . . .     SeeInvis .       - Unarmed
rCold  . . .     Clarity  .     (armour unavailable)
rNeg   . . .     SustAt   .     (no shield)
rPois  .         Gourm    .     (helmet restricted)
rElec  .         Spirit   .     (no cloak)
rCorr  .         Warding  .     (no gloves)
rMut   .         Stasis   .     (no boots)
MR     .....                    (no amulet)
Stlth  +.........               (no ring)
                                (no ring)

@: not resistant to hostile enchantments, very unstealthy
A: unfitting armour, cold-blooded, AC +5
a: no special abilities


You were on level 2 of the Dungeon.
You were not hungry.

You visited 1 branch of the dungeon, and saw 2 of its levels.

You collected 60 gold pieces.

Inventory:

Missiles
 a - 52 arrows
 f - 63 stones (quivered)
Jewellery
 e - an uncursed ring of ice {unknown}
Potions
 d - a potion of curing {unknown}
Books
 b - a book of Changes

   Spells                             Type                      Level
   a - Beastly Appendage              Transmutation                1
   b - Sticks to Snakes               Transmutation                2
   c - Spider Form                    Transmutation/Poison         3
   d - Ice Form                       Ice/Transmutation            4
   e - Blade Hands                    Transmutation                5


   Skills:
 + Level 1.3 Fighting
 + Level 2.0 Dodging
 + Level 3.5 Unarmed Combat
 * Level 2.3 Spellcasting
 * Level 2.2 Transmutations


You had 3 spell levels left.
You knew the following spells:

 Your Spells              Type           Power        Failure   Level  Hunger
a - Beastly Appendage     Trmt           #.....       12%         1    #......
b - Sticks to Snakes      Trmt           #.........   17%         2    ###....


Dungeon Overview and Level Annotations

Branches:
Dungeon (2/15)

Altars:

Annotations:
D:2 Terence


Innate Abilities, Weirdness & Mutations

Your plain brown scales are hard (AC +5).
Your body does not fit into most forms of armour.
You are cold-blooded and may be slowed by cold attacks.


Message History

The rat completely misses your adder.
Your adder barely misses the hobgoblin.
The hobgoblin barely misses your adder.
A hobgoblin comes into view.
It is wielding a club. 2 ball pythons and a rat come into view.
You feel sick.
You are no longer poisoned.
Your adder bites the hobgoblin.
The rat closely misses your adder.
The hobgoblin closely misses your adder.
Terence zaps a wand.
The magic dart hits you!
* * * LOW HITPOINT WARNING * * *
It is a wand of magic darts.
Your adder bites the hobgoblin but does no damage.
You feel a bit more experienced.
You have reached level 3!
Your experience leads to an increase in your attributes!
Increase (S)trength, (I)ntelligence, or (D)exterity?
You feel clever.
Your scales feel tougher.
You feel a bit more experienced.
Terence zaps a wand.
The magic dart hits you!
You die...

#.##.##
##g##..# #
#gr###.# .#
#S## #<###.#
#.##.........#
##.####.#.#.#.#
#..# ##.....#.
#.####..#.....
##.....@...####
#.@#########
#..# ....#
....@## #.r..S
#....S. #.....g
##....#


You could see Terence.

Vanquished Creatures
  An ooze (D:1)
  2 giant cockroaches
  5 hobgoblins
  4 kobolds (D:1)
  2 ball pythons (D:1)
  A giant newt (D:1)
  3 goblins (D:1)
  3 rats (D:1)
21 creatures vanquished.

Vanquished Creatures (collateral kills)
  A bat (D:1)
  A hobgoblin (D:2)
  A rat (D:2)
3 creatures vanquished.

Grand Total: 24 creatures vanquished

Notes
Turn   | Place    | Note
--------------------------------------------------------------
     0 | D:1      | Bloxda the Draconian Transmuter began the quest for the Orb.
     0 | D:1      | Reached XP level 1. HP: 16/16 MP: 3/3
   614 | D:1      | Reached XP level 2. HP: 21/23 MP: 5/5
  1006 | D:1      | HP: 1/23 [hobgoblin/club (8)]
  1467 | D:1      | Learned a level 2 spell: Sticks to Snakes
  1717 | D:2      | Noticed Terence
  1719 | D:2      | HP: 1/23 [Terence/wand of magic darts (7)]
  1722 | D:2      | Reached XP level 3. HP: 2/28 MP: 2/6
  1724 | D:2      | Killed from afar by Terence

Vault maps used:
D:1:      lightli_arrival_flooded_house
D:2:      first_bread, uniq_terence

Action                   || total
-------------------------++-------
Melee: Unarmed           ||    88
 Cast: Beastly Appendage ||     2
       Sticks to Snakes  ||     3
  Eat: Bread ration      ||     1
